[Event "African Online-ch U20-Open 2021"]
[Site "Online"]
[Date "2021.02.01"]
[Round "8.16"]
[White "Masaiti, Gideon"]
[Black "Palmer, Reegan"]
[Result "0-1"]
[ECO "C55"]
[WhiteElo "1442"]
[BlackElo "1325"]
[Annotator "NA RC"]
[PlyCount "76"]
[EventDate "2021.02.01"]
[EventType "swiss"]
[EventCountry "NET"]
[SourceTitle "playchess.com"]
[Source "ChessBase"]
[SourceQuality "1"]
[TimeControl "1500+10"]

1. e4 e5 2. Nf3 Nc6 3. Bc4 Nf6 4. d3 d6 5. Nc3 Bg4 6. Bg5 Nd4 7. h3 Bxf3 8. gxf3 Be7 9. Nb5 Nxb5 10. Bxb5+ c6 11. Bxf6 Bxf6 12. Bc4 Bg5 13. Qe2 O-O 14. h4 Bf4 15. Qf1 a5 16. a3 d5 17. Bb3 a4 18. Ba2 Qa5+ 19. c3 d4 20. Ke2 dxc3 21. bxc3 Qxc3 22. Qd1 Rad8 23. Rb1 b5 24. Rb4 Qxa3 25. Qb1 Rxd3 26. Qxd3 Qxb4 27. Rd1 Qb2+ 28. Rd2 Bxd2 29. Qxd2 Qxd2+ 30. Kxd2 Rd8+ 31. Kc2 Rd4 32. Kc3 c5 33. Bd5 b4+ 34. Kc2 c4 35. Bc6 a3 36. Bb5 b3+ 37. Kc3 a2 38. Kb2 c3+ 0-1

[Event "African Online-ch U20-Open 2021"]
[Site "Online"]
[Date "2021.02.01"]
[Round "8.18"]
[White "Soojay, Jorah"]
[Black "Dutt Dakshesh"]
[Result "1-0"]
[ECO "C50"]
[WhiteElo "1478"]
[BlackElo "1549"]
[Annotator "NA RC"]
[PlyCount "77"]
[EventDate "2021.02.01"]
[EventType "swiss"]
[EventCountry "NET"]
[SourceTitle "playchess.com"]
[Source "ChessBase"]
[SourceQuality "1"]
[TimeControl "1500+10"]

1. e4 e5 2. Nf3 Nc6 3. Bc4 Bc5 4. d3 Nf6 5. Bg5 O-O 6. a3 Be7 7. Nc3 d6 8. h3 h6 9. Bh4 Be6 10. Ba2 a6 11. Qd2 b5 12. Bxf6 Bxf6 13. Nd5 Rb8 14. g4 Re8 15. Rg1 Rc8 16. g5 hxg5 17. Nxg5 Bxg5 18. Rxg5 Nd4 19. Rg3 Qh4 20. c3 Nc6 21. O-O-O Na5 22. c4 Nb7 23. Rdg1 g6 24. f4 exf4 25. Nxf4 Nc5 26. Kb1 bxc4 27. Qf2 Qf6 28. Rxg6+ fxg6 29. Rxg6+ Kf7 30. Rxf6+ Kxf6 31. Nxe6+ Kxe6 32. Bxc4+ Kd7 33. Qf5+ Kc6 34. d4 Na4 35. Bxa6 Rb8 36. Qd5+ Kb6 37. Qb5+ Ka7 38. Qxa4 Rb6 39. Bb5+ 1-0

[Event "African Online-ch U20-Open 2021"]
[Site "Online"]
[Date "2021.02.01"]
[Round "8.20"]
[White "Karania, Hardiv"]
[Black "Belattar, Mohamed Walid"]
[Result "0-1"]
[ECO "A45"]
[WhiteElo "1317"]
[BlackElo "1214"]
[Annotator "NA RC"]
[PlyCount "120"]
[EventDate "2021.02.01"]
[EventType "swiss"]
[EventCountry "NET"]
[SourceTitle "playchess.com"]
[Source "ChessBase"]
[SourceQuality "1"]
[TimeControl "1500+10"]

1. d4 Nf6 2. Bf4 e6 3. c3 b6 4. f3 Bb7 5. Nd2 Be7 6. e4 d5 7. e5 Nfd7 8. Bd3 O-O 9. Ne2 c5 10. O-O Nc6 11. Qc2 g6 12. b3 cxd4 13. cxd4 Nb4 14. Qb1 Nxd3 15. Qxd3 a5 16. a4 Ba6 17. Qe3 Bxe2 18. Qxe2 Rc8 19. Rac1 Rxc1 20. Rxc1 Bg5 21. Be3 Bxe3+ 22. Qxe3 Qe7 23. f4 Qd8 24. Nf3 Qb8 25. Ng5 h6 26. Nf3 Rc8 27. g4 Kg7 28. Nh4 Rxc1+ 29. Qxc1 b5 30. Qc6 bxa4 31. Qxa4 Qa7 32. Nf3 Nb6 33. Qa1 a4 34. bxa4 Qxa4 35. Qxa4 Nxa4 36. Kf2 f6 37. h4 Nc3 38. Ke3 Ne4 39. h5 gxh5 40. gxh5 Ng3 41. Nh4 Nxh5 42. f5 Kf7 43. Kf3 Ng7 44. Kf4 fxe5+ 45. Kxe5 Nxf5 46. Nf3 Ke7 47. Nh2 h5 48. Nf3 h4 49. Ng5 Ng3 50. Nxe6 h3 51. Nf4 h2 52. Nxd5+ Kd8 53. Nf4 h1=Q 54. d5 Qe4+ 55. Kd6 Qxf4+ 56. Kc6 Nf5 57. d6 Qxd6+ 58. Kb7 Qc5 59. Ka8 Qb5 60. Ka7 Kc7 0-1

[Event "African Online-ch U20-Open 2021"]
[Site "Online"]
[Date "2021.02.01"]
[Round "9.7"]
[White "Spink, Benjamin M"]
[Black "George Samir, David"]
[Result "0-1"]
[ECO "B88"]
[WhiteElo "2110"]
[BlackElo "1775"]
[Annotator "RC"]
[PlyCount "104"]
[EventDate "2021.02.01"]
[EventType "swiss"]
[EventCountry "NET"]
[SourceTitle "playchess.com"]
[Source "ChessBase"]
[SourceQuality "1"]
[TimeControl "1500+10"]

1. e4 c5 2. Nf3 d6 3. d4 cxd4 4. Nxd4 Nf6 5. Nc3 Nc6 6. Bc4 e6 7. Bb3 Be7 8. O-O O-O 9. Be3 a6 10. f4 Qc7 11. f5 e5 12. Nde2 Ng4 13. Qd2 Nxe3 14. Qxe3 b5 15. Nd5 Qa7 16. Qxa7 Rxa7 17. Nxe7+ Nxe7 18. Rad1 Rd8 19. f6 Ng6 20. fxg7 Kxg7 21. Ng3 Bg4 22. Nf5+ Bxf5 23. Rxf5 Rad7 24. g3 Nf8 25. Rdf1 Ne6 26. Rf6 Re7 27. h4 Rdd7 28. h5 h6 29. c3 Ng5 30. Bd5 Nh3+ 31. Kg2 Nf4+ 32. gxf4 Kxf6 33. fxe5+ Kg7 34. exd6 Rxd6 35. Rf3 Rf6 36. Rg3+ Kf8 37. Rg4 Re5 38. Rh4 Rg5+ 39. Kh1 Rf1+ 40. Kh2 Ke7 41. b4 Rf2+ 42. Kh1 Rg3 43. c4 Rc3 44. Kg1 Rxa2 45. Rf4 Rc1+ 46. Rf1 Rxf1+ 47. Kxf1 Rb2 48. cxb5 axb5 49. Bc6 Rxb4 50. Ke2 Rb3 51. Kd2 b4 52. Kc2 Rc3+ 0-1

[Event "African Online-ch U20-Open 2021"]
[Site "Online"]
[Date "2021.02.01"]
[Round "9.8"]
[White "Lion, Pierre"]
[Black "Shah, Darshan Samir"]
[Result "1-0"]
[ECO "B81"]
[WhiteElo "1586"]
[BlackElo "1502"]
[Annotator "NA RC"]
[PlyCount "127"]
[EventDate "2021.02.01"]
[EventType "swiss"]
[EventCountry "NET"]
[SourceTitle "playchess.com"]
[Source "ChessBase"]
[SourceQuality "1"]
[TimeControl "1500+10"]

1. e4 c5 2. Nf3 d6 3. d4 cxd4 4. Nxd4 Nf6 5. Nc3 e6 6. g4 h6 7. Rg1 Nc6 8. h4 d5 9. Nxc6 bxc6 10. g5 hxg5 11. hxg5 Nxe4 12. Nxe4 dxe4 13. Qxd8+ Kxd8 14. Bf4 f6 15. O-O-O+ Ke8 16. gxf6 gxf6 17. Bc4 e5 18. Be3 f5 19. Bg5 Be7 20. Bxe7 Kxe7 21. Rg7+ Ke8 22. Rd6 Rh1+ 23. Kd2 Rh2 24. Ke3 Rh3+ 25. Ke2 Rb8 26. b3 Rb7 27. Rg8+ Ke7 28. Rxc6 Bd7 29. Rg7+ Kd8 30. Rd6 Rc3 31. Be6 Rxc2+ 32. Kd1 Rcc7 33. Bxf5 Ke8 34. Rgxd7 Rxd7 35. Rxd7 Rxd7+ 36. Bxd7+ Kxd7 37. Ke2 Kc6 38. Ke3 Kd5 39. a3 a6 40. b4 Kc4 41. Kxe4 Kb3 42. Kxe5 Kxa3 43. f4 Kxb4 44. f5 a5 45. f6 a4 46. f7 a3 47. f8=Q+ Kb3 48. Qf3+ Kb2 49. Qe2+ Kb1 50. Qd3+ Kb2 51. Qd2+ Kb3 52. Kd4 a2 53. Qc3+ Ka4 54. Qa1 Ka3 55. Kc3 Ka4 56. Qxa2+ Kb5 57. Qc4+ Kb6 58. Qd5 Kc7 59. Qe6 Kd8 60. Qf7 Kc8 61. Kd4 Kd8 62. Kc5 Kc8 63. Kc6 Kb8 64. Qb7# 1-0

[Event "African Online-ch U20-Open 2021"]
[Site "Online"]
[Date "2021.02.01"]
[Round "9.9"]
[White "Bidi, Abdeljalil"]
[Black "Mena, Martin"]
[Result "0-1"]
[ECO "B85"]
[WhiteElo "1750"]
[BlackElo "1776"]
[Annotator "NA RC"]
[PlyCount "60"]
[EventDate "2021.02.01"]
[EventType "swiss"]
[EventCountry "NET"]
[SourceTitle "playchess.com"]
[Source "ChessBase"]
[SourceQuality "1"]
[TimeControl "1500+10"]

1. e4 c5 2. Nf3 d6 3. d4 cxd4 4. Nxd4 Nf6 5. Nc3 a6 6. Be2 e6 7. O-O Qc7 8. a4 Be7 9. Be3 O-O 10. f4 Nc6 11. Bf3 Bd7 12. Nb3 Rab8 13. a5 Rfe8 14. Kh1 Bc8 15. g4 Nd7 16. Bg2 g6 17. f5 Nce5 18. fxe6 fxe6 19. Nd4 Bf8 20. h3 b6 21. axb6 Nxb6 22. b3 Qxc3 23. Qe2 Bg7 24. Rad1 d5 25. Bf4 dxe4 26. Bxe5 Bxe5 27. Qxe4 Bxd4 28. Rxd4 Bb7 29. Qe5 Qxh3+ 30. Kg1 Qxg2# 0-1

[Event "African Online-ch U20-Open 2021"]
[Site "Online"]
[Date "2021.02.01"]
[Round "9.11"]
[White "Ben Abbes, Ayoub"]
[Black "Potgieter, Edward"]
[Result "0-1"]
[ECO "C50"]
[WhiteElo "1481"]
[BlackElo "1229"]
[Annotator "NA RC"]
[PlyCount "134"]
[EventDate "2021.02.01"]
[EventType "swiss"]
[EventCountry "NET"]
[SourceTitle "playchess.com"]
[Source "ChessBase"]
[SourceQuality "1"]
[TimeControl "1500+10"]

1. e4 e5 2. Nf3 Nc6 3. Bc4 Bc5 4. Nc3 Nf6 5. d3 h6 6. Be3 Bb6 7. Nd5 d6 8. Nxb6 axb6 9. h3 O-O 10. O-O Na5 11. Bb3 Nxb3 12. axb3 Bd7 13. Qd2 Qe7 14. Nh2 d5 15. exd5 Nxd5 16. Rae1 Nxe3 17. Qxe3 Rfe8 18. f4 Ra2 19. fxe5 Rxb2 20. Rf2 Ra8 21. Ref1 Be6 22. d4 Raa2 23. c4 Rxf2 24. Rxf2 Rxf2 25. Qxf2 c6 26. Nf1 Qb4 27. Qe3 b5 28. Nd2 bxc4 29. bxc4 Bxc4 30. Ne4 Qb1+ 31. Kh2 Bd5 32. Nc3 Qb3 33. Qd2 b5 34. Ne2 Qa2 35. Qxa2 Bxa2 36. Kg3 b4 37. Nc1 b3 38. Nd3 Kf8 39. Kf3 Ke7 40. Ke3 Ke6 41. Nf4+ Kd7 42. Nd3 g5 43. Kd2 Ke6 44. Kc3 f5 45. Nc5+ Ke7 46. Nxb3 Bxb3 47. Kxb3 h5 48. Kc3 Ke6 49. Kd3 h4 50. Ke3 c5 51. dxc5 Kxe5 52. Kf3 Kd5 53. g3 hxg3 54. Kxg3 Kxc5 55. h4 gxh4+ 56. Kxh4 Kd4 57. Kg3 Ke3 58. Kg2 f4 59. Kf1 Kf3 60. Kg1 Ke2 61. Kh2 f3 62. Kh1 f2 63. Kh2 f1=Q 64. Kg3 Qf3+ 65. Kh2 Qg4 66. Kh1 Qg8 67. Kh2 Kf2 0-1

[Event "African Online-ch U20-Open 2021"]
[Site "Online"]
[Date "2021.02.01"]
[Round "9.12"]
[White "Palmer, Reegan"]
[Black "Selogelo Othata"]
[Result "0-1"]
[ECO "A34"]
[WhiteElo "1325"]
[BlackElo "1725"]
[Annotator "NA RC"]
[PlyCount "78"]
[EventDate "2021.02.01"]
[EventType "swiss"]
[EventCountry "NET"]
[SourceTitle "playchess.com"]
[Source "ChessBase"]
[SourceQuality "1"]
[TimeControl "1500+10"]

1. e4 c5 2. c4 e6 3. d3 Nc6 4. Nc3 Nf6 5. g3 Be7 6. Bg2 O-O 7. Nge2 Qc7 8. O-O d6 9. f4 Re8 10. Be3 a6 11. a3 Rb8 12. Qd2 Ng4 13. h3 Nxe3 14. Qxe3 Bf6 15. Kh2 b5 16. cxb5 axb5 17. e5 dxe5 18. Qxc5 Bd7 19. Nxb5 Rxb5 20. Qxb5 Nd4 21. Qc4 Qxc4 22. dxc4 Nxe2 23. fxe5 Bxe5 24. Rf3 f6 25. Re3 Nd4 26. Rd1 Ba4 27. Rc1 Nf5 28. Rxe5 fxe5 29. Re1 Rc8 30. Rxe5 Nd4 31. c5 Kf7 32. b4 Kf6 33. Re3 e5 34. h4 h6 35. g4 g5 36. hxg5+ hxg5 37. Kg3 Ke6 38. Be4 Rf8 39. Rc3 Ne2+ 0-1

[Event "African Online-ch U20-Open 2021"]
[Site "Online"]
[Date "2021.02.01"]
[Round "9.13"]
[White "Machinya Desire"]
[Black "Elayeb, Med Yessine"]
[Result "0-1"]
[ECO "A05"]
[WhiteElo "1638"]
[BlackElo "1666"]
[Annotator "NA RC"]
[PlyCount "96"]
[EventDate "2021.02.01"]
[EventType "swiss"]
[EventCountry "NET"]
[SourceTitle "playchess.com"]
[Source "ChessBase"]
[SourceQuality "1"]
[TimeControl "1500+10"]

1. e4 c5 2. Nf3 Nc6 3. d3 Nf6 4. Nbd2 e5 5. g3 d6 6. Bg2 g6 7. O-O Bg7 8. Re1 O-O 9. Nf1 Be6 10. h4 h6 11. Ne3 d5 12. exd5 Nxd5 13. Nh2 Re8 14. c3 Qd7 15. Neg4 h5 16. Ne3 Rad8 17. Qe2 b6 18. Rd1 Nxe3 19. Bxe3 Ne7 20. Qf1 Qb5 21. b3 Rd6 22. Bf3 Red8 23. Be2 Qd7 24. Nf3 Bf5 25. Ne1 Nd5 26. Rac1 Bh3 27. Ng2 Nxe3 28. fxe3 Rf6 29. Qe1 Bh6 30. Bf1 Rf3 31. e4 Bxc1 32. Rxc1 Qg4 33. Kh2 Bxg2 34. Bxg2 Rfxd3 35. Bh3 Qf3 36. Bg2 Rd2 37. Qf1 Qxf1 38. Rxf1 Rxa2 39. Kh1 Rd3 40. b4 Rxg3 41. Bf3 Rh3+ 42. Kg1 cxb4 43. cxb4 Rxh4 44. Rc1 Rh3 45. Rc3 Kg7 46. Rb3 g5 47. Rd3 g4 48. Be2 Rxe2 0-1

[Event "African Online-ch U20-Open 2021"]
[Site "Online"]
[Date "2021.02.01"]
[Round "9.14"]
[White "van der Merwe, Alexander"]
[Black "Sparg, Nathan"]
[Result "1-0"]
[ECO "C01"]
[WhiteElo "1655"]
[BlackElo "1413"]
[Annotator "NA RC"]
[PlyCount "73"]
[EventDate "2021.02.01"]
[EventType "swiss"]
[EventCountry "NET"]
[SourceTitle "playchess.com"]
[Source "ChessBase"]
[SourceQuality "1"]
[TimeControl "1500+10"]

1. e4 e6 2. d4 d5 3. Nc3 Bb4 4. exd5 exd5 5. Bd3 Nf6 6. Nge2 O-O 7. O-O c6 8. Bg5 b6 9. Ng3 h6 10. Bf4 Ba6 11. Bxa6 Nxa6 12. Qd3 Nc7 13. Nf5 Ne6 14. Be5 Re8 15. Qf3 Ng5 16. Qf4 Bf8 17. Nxh6+ gxh6 18. Bxf6 Be7 19. Rfe1 Qd7 20. h4 Bxf6 21. Qxf6 Nh7 22. Qxh6 Kh8 23. Ne2 Rg8 24. Ng3 Qg4 25. Re7 Rg6 26. Qh5 Qxd4 27. Rxf7 Rg7 28. Rxg7 Qxg7 29. Re1 Kg8 30. Re8+ Rxe8 31. Qxe8+ Nf8 32. Qxc6 Qe5 33. Qh6 Qe1+ 34. Kh2 Qxf2 35. Qg5+ Kh8 36. Nh5 Qd4 37. c3 1-0

[Event "African Online-ch U20-Open 2021"]
[Site "Online"]
[Date "2021.02.01"]
[Round "9.15"]
[White "Soojay, Jorah"]
[Black "Pungo, Honorato"]
[Result "0-1"]
[ECO "B24"]
[WhiteElo "1478"]
[BlackElo "1550"]
[Annotator "NA RC"]
[PlyCount "96"]
[EventDate "2021.02.01"]
[EventType "swiss"]
[EventCountry "NET"]
[SourceTitle "playchess.com"]
[Source "ChessBase"]
[SourceQuality "1"]
[TimeControl "1500+10"]

1. e4 c5 2. Nc3 Nc6 3. f4 g6 4. g3 Bg7 5. Bg2 e6 6. d3 h5 7. Nf3 Nge7 8. h3 d6 9. Bd2 a6 10. Rb1 b5 11. O-O Bb7 12. Kh1 Qd7 13. a3 Nd4 14. Nxd4 Bxd4 15. Ne2 Bg7 16. Bc3 Bxc3 17. Nxc3 a5 18. Qe2 b4 19. Nd1 Nc6 20. c3 b3 21. Ne3 a4 22. Nc4 Ba6 23. Nb6 Qb7 24. Nxa8 Qxa8 25. f5 Ne5 26. c4 Ke7 27. Qe3 Qg8 28. fxe6 f6 29. d4 Nxc4 30. Qc3 Qxe6 31. dxc5 dxc5 32. Rfe1 Rd8 33. Rbd1 Rd6 34. Kh2 g5 35. Bf1 h4 36. Bxc4 Qxc4 37. Qxc4 hxg3+ 38. Kxg3 Bxc4 39. Rxd6 Kxd6 40. Kf3 Bd3 41. Rd1 c4 42. Ke3 Ke5 43. Rc1 Bc2 44. h4 c3 45. bxc3 b2 46. Rxc2 b1=Q 47. Rd2 Qxe4+ 48. Kf2 Qxh4+ 0-1

[Event "African Online-ch U20-Open 2021"]
[Site "Online"]
[Date "2021.02.01"]
[Round "9.16"]
[White "Ofile Masilo"]
[Black "Masaiti, Gideon"]
[Result "0-1"]
[ECO "D36"]
[WhiteElo "1457"]
[BlackElo "1442"]
[Annotator "NA RC"]
[PlyCount "170"]
[EventDate "2021.02.01"]
[EventType "swiss"]
[EventCountry "NET"]
[SourceTitle "playchess.com"]
[Source "ChessBase"]
[SourceQuality "1"]
[TimeControl "1500+10"]

1. d4 e6 2. c4 d5 3. Nc3 Nf6 4. cxd5 exd5 5. Bg5 Be7 6. Qc2 c6 7. e3 h6 8. Bh4 Nbd7 9. Bd3 O-O 10. Nge2 Re8 11. O-O Ne4 12. Bxe7 Qxe7 13. Nxe4 dxe4 14. Bc4 Nf6 15. Ng3 Be6 16. Rfc1 Rac8 17. Bxe6 Qxe6 18. Qc4 Qd6 19. Qc5 Qb8 20. Nf5 Rc7 21. Qd6 Rd7 22. Nxh6+ gxh6 23. Qxf6 Re6 24. Qh4 Rd5 25. Rc5 Rxc5 26. dxc5 Kh7 27. Qg3 Qxg3 28. hxg3 Re5 29. Rc1 Rd5 30. Rc2 Rd1+ 31. Kh2 Kg6 32. g4 Kg5 33. Kg3 f5 34. gxf5 Kxf5 35. f3 h5 36. Rc4 exf3 37. Kxf3 Rd2 38. Rb4 Rd7 39. Rd4 Rg7 40. e4+ Ke5 41. Rd8 Rf7+ 42. Ke3 Rg7 43. Re8+ Kf6 44. Kf3 h4 45. Rh8 Rg3+ 46. Kf2 Rd3 47. Ke2 Rg3 48. Rxh4 Rxg2+ 49. Kd3 Rxb2 50. Rh7 a5 51. Kc3 Rb4 52. a3 Rb5 53. Rh5 a4 54. Rf5+ Ke6 55. Rh5 Rb3+ 56. Kc2 Rxa3 57. Kb2 Rb3+ 58. Ka2 Rb4 59. e5 Rb5 60. Ka3 Rxc5 61. Kxa4 Rxe5 62. Rh7 b6 63. Rh6+ Kd5 64. Rh4 Re4+ 65. Rxe4 Kxe4 66. Kb4 Kd4 67. Kb3 Kc5 68. Kc3 b5 69. Kb3 b4 70. Kb2 Kd4 71. Kb3 c5 72. Kc2 c4 73. Kb2 Kd3 74. Kb1 Kd2 75. Kb2 c3+ 76. Kb3 c2 77. Kxb4 c1=Q 78. Kb5 Qc7 79. Kb4 Qc6 80. Kb3 Qc5 81. Kb2 Qc3+ 82. Kb1 Kd3 83. Ka2 Qb4 84. Ka1 Kc2 85. Ka2 Qa5# 0-1

[Event "African Online-ch U20-Open 2021"]
[Site "Online"]
[Date "2021.02.01"]
[Round "9.17"]
[White "Meise, Keagen"]
[Black "Mcligeyo, Robert"]
[Result "1-0"]
[ECO "A60"]
[WhiteElo "1200"]
[BlackElo "1688"]
[Annotator "NA RC"]
[PlyCount "141"]
[EventDate "2021.02.01"]
[EventType "swiss"]
[EventCountry "NET"]
[SourceTitle "playchess.com"]
[Source "ChessBase"]
[SourceQuality "1"]
[TimeControl "1500+10"]

1. d4 Nf6 2. c4 c5 3. d5 e6 4. Nc3 b5 5. Nxb5 exd5 6. cxd5 Bb7 7. Nc3 d6 8. e4 Be7 9. Nf3 O-O 10. Bd3 Nbd7 11. Bg5 Re8 12. O-O h6 13. Bxf6 Nxf6 14. Re1 Rb8 15. Qc2 Qb6 16. Rab1 Rec8 17. Qa4 Qb4 18. Qxb4 cxb4 19. Ne2 a5 20. Rec1 Rxc1+ 21. Rxc1 Rc8 22. Rxc8+ Bxc8 23. Ned4 Nd7 24. Nc6 Kf8 25. Nxa5 Nc5 26. Bc2 Bf6 27. b3 Ba6 28. Nc6 Bd3 29. Nxb4 Bxc2 30. Nxc2 Nxe4 31. b4 Nc3 32. a3 Nxd5 33. Ncd4 Ke8 34. b5 g5 35. Nf5 h5 36. Nxd6+ Ke7 37. Ne4 Bb2 38. Nfxg5 Bxa3 39. Ng3 h4 40. Ne2 Bc5 41. Nf3 h3 42. gxh3 Nc7 43. Nc3 Bb4 44. b6 Bxc3 45. bxc7 Kd7 46. Ng5 f6 47. Ne6 Be5 48. Kg2 f5 49. h4 Bd6 50. Nd4 Bxc7 51. Nxf5 Ke6 52. Ng3 Kf6 53. Kh3 Kg6 54. Kg4 Bb8 55. f4 Kf6 56. h5 Bc7 57. h4 Bb8 58. Ne4+ Kg7 59. Kg5 Bc7 60. f5 Bd8+ 61. f6+ Kh7 62. h6 Bb6 63. f7 Be3+ 64. Kf6 Bxh6 65. Ng5+ Kh8 66. Ne6 Kh7 67. f8=Q Bxf8 68. Nxf8+ Kh6 69. Ng6 Kh5 70. Kf5 Kh6 71. Nf4 1-0

[Event "African Online-ch U20-Open 2021"]
[Site "Online"]
[Date "2021.02.01"]
[Round "9.20"]
[White "Dutt Dakshesh"]
[Black "Belattar, Mohamed Walid"]
[Result "1-0"]
[ECO "A47"]
[WhiteElo "1549"]
[BlackElo "1214"]
[Annotator "NA RC"]
[PlyCount "147"]
[EventDate "2021.02.01"]
[EventType "swiss"]
[EventCountry "NET"]
[SourceTitle "playchess.com"]
[Source "ChessBase"]
[SourceQuality "1"]
[TimeControl "1500+10"]

1. d4 Nf6 2. Bf4 e6 3. e3 b6 4. Nf3 Bb7 5. Bd3 Be7 6. Nbd2 O-O 7. O-O d6 8. e4 Nbd7 9. c3 c5 10. Re1 cxd4 11. cxd4 e5 12. dxe5 dxe5 13. Bg3 Rc8 14. Rc1 Rxc1 15. Qxc1 Nc5 16. Bc2 Bd6 17. Nxe5 Bxe5 18. Bxe5 Qe7 19. Bxf6 Qxf6 20. Nb3 Nxb3 21. Bxb3 Qg6 22. f3 Rc8 23. Qd2 Qc6 24. Rd1 h6 25. h3 Qc5+ 26. Kh1 Qc7 27. Qd3 Qe5 28. Qd7 Qc7 29. Qxc7 Rxc7 30. Rd8+ Kh7 31. Rd2 g6 32. Kg1 f5 33. e5 Re7 34. e6 Bc8 35. Kf2 Bxe6 36. Bxe6 Rxe6 37. Rd7+ Kg8 38. Rxa7 Rc6 39. Re7 Kf8 40. Re2 Kf7 41. g4 fxg4 42. hxg4 h5 43. gxh5 gxh5 44. Kg3 Rh6 45. Kh4 Kf6 46. Rg2 Kf5 47. b4 Kf4 48. Rg3 Kf5 49. a4 Kf4 50. a5 bxa5 51. bxa5 Rf6 52. Rg1 Rf5 53. Ra1 Rf8 54. Ra3 Ra8 55. Kxh5 Kf5 56. Kh4 Kf4 57. Kh3 Rh8+ 58. Kg2 Rg8+ 59. Kf2 Re8 60. a6 Ke5 61. a7 Ra8 62. Ke3 Kd6 63. Ke4 Kc7 64. Ke5 Kb7 65. Ke6 Re8+ 66. Kf7 Rc8 67. a8=Q+ Rxa8 68. Rxa8 Kxa8 69. f4 Kb8 70. f5 Kc8 71. f6 Kd8 72. Kg7 Ke8 73. f7+ Ke7 74. f8=Q+ 1-0